 Dungeon Crawl Stone Soup version 0.31-a0-182-gc5ef74bbde (webtiles) character file.

Game seed: 6119960485429139062

123 Gargoyl the Trooper (level 5, 0/33 HPs)
             Began as a Gargoyle Berserker on June 21, 2023.
             Was a Believer of Trog.
             Frozen to death by an endoplasm (5 damage)
             ... on level 2 of the Dungeon.
             The game lasted 00:02:09 (1239 turns).

Gargoyl the Trooper (Gargoyle Berserker)            Turns: 1239, Time: 00:02:10

Health: 0/33       AC: 17    Str: 21    XL:     5   Next: 7%
Magic:  5/5        EV: 11    Int: 10    God:    Trog [**....]
Gold:   134        SH:  0    Dex: 14    Spells: 4/4 levels left

rFire   . . .        a - +0 hand axe
rCold   . . .        (no shield)
rNeg    + . .        i - +5 ring mail of Vehumet, Cursing {*Corrode Int+3 Dex+3}
rPois   ∞            c - +2 helmet
rElec   +            (no cloak)
rCorr   .            (no gloves)
SInv    .            (no boots)
Will    ++...        (no amulet)
Stlth   +            (no ring)
HPRegen 1.25/turn    (no ring)
MPRegen 0.09/turn

%: corrode self (3%)
@: strong-willed, on berserk cooldown, regenerating, slowed, very slow
A: sickness immunity, AC +4, negative energy resistance 1, electricity
resistance, torment resistance 1, petrification resistance
a: Renounce Religion, Berserk, Trog's Hand


You were on level 2 of the Dungeon.
You worshipped Trog.
Trog was pleased with you.
You visited 1 branch of the dungeon, and saw 2 of its levels.

You collected 134 gold pieces.

Inventory:

Hand Weapons
 a - a +0 hand axe (weapon)
Missiles
 f - 3 poisoned darts (quivered)
Armour
 c - a +2 helmet (worn)
 i - the +5 ring mail of Vehumet, Cursing (worn) {*Corrode Int+3 Dex+3}
   (You found it on level 2 of the Dungeon)

   Int:       It affects your intelligence (+3).
   Dex:       It affects your dexterity (+3).
   *Corrode:  It may corrode you when you take damage.
Jewellery
 e - a +6 ring of dexterity
Scrolls
 d - 3 scrolls of identify
Potions
 b - a potion of curing {unknown}
 g - 2 potions of heal wounds {unknown}
 h - 2 potions of enlightenment {unknown}


   Skills:
 + Level 4.1 Fighting
 + Level 3.9 Axes
 + Level 2.3 Armour
 + Level 2.3 Dodging
 + Level 1.1 Stealth


You had 4 spell levels left.
You didn't know any spells.
Your spell library was empty.

Dungeon Overview and Level Annotations

Branches:
Dungeon (2/15)

Altars:


Innate Abilities, Weirdness & Mutations

You are immune to sickness and miasma.
Your stone body is resilient. (AC +4)
You are immune to poison.
You resist negative energy. (rN+)
You are resistant to electric shocks. (rElec)
You are resistant to unholy torment.
You are immune to petrification.


Message History

Trog accepts your kill.
You have reached level 5!
You feel a strong urge to attack something.
You see here a +0 whip.
An endoplasm comes into view.
You feel your anger nearly subside.
You are no longer berserk.
You are exhausted.
You feel yourself slow down.
There is an open door here.
You hit the endoplasm.
The endoplasm is moderately wounded.
The endoplasm misses you. The endoplasm freezes you.
You are frozen.
You barely miss the endoplasm.
The endoplasm is moderately wounded.
The endoplasm freezes you.
You are frozen.
The endoplasm closely misses you.
You barely miss the endoplasm.
The endoplasm is moderately wounded.
The endoplasm freezes you.
You are frozen.
* * * LOW HITPOINT WARNING * * *
You hit the endoplasm.
The endoplasm is heavily wounded.
The endoplasm freezes you.
You are frozen.
* * * LOW HITPOINT WARNING * * *
The endoplasm barely misses you.
Your skin crawls.
You feel strong-willed. The endoplasm barely misses you.
The endoplasm freezes you.
You are frozen.
* * * LOW HITPOINT WARNING * * *
You hit the endoplasm but do no damage.
The endoplasm is heavily wounded.
The endoplasm freezes you.
You are frozen.
You die...

#..........................
###############.......#....
********### ##.#....#(... ##
*,,,,,,##.####### #......#.... .#
*,,,,,,#.#.#....####.....#.)). .#
*,,,,,,#.#.#.....##......#..÷. .#
*,,,,,,#)#'#......'......#.).. .#
*,,,,,,#.#........'......#.... .#
*,,,,,,#J#..J@....'..##....... .#
*,,,,,,#.#.......##...#.##.... .#
*,,,,,,.##......###.....##)... .#
*,,,,,.#*######## #...###..... .#
*****##* #######..####....÷ .#
#############................. .#
#..........##...###>..........
.###..........##.).#####...#....#
.................................


You could see an endoplasm.

Vanquished Creatures
  2 jellies (D:2)
  2 adders (D:2)
  A dart slug (D:2)
  5 endoplasms
  3 goblins
  3 hobgoblins
  4 quokkas
  2 ball pythons (D:1)
  5 bats
  A frilled lizard (D:2)
  9 kobolds
  6 rats
43 creatures vanquished.

Notes
Turn   | Place    | Note
-------+----------+-------------------------------------------
     0 | D:1      | Gargoyl the Gargoyle Berserker began the quest for the Orb.
     0 | D:1      | Reached XP level 1. HP: 14/14 MP: 1/1
   177 | D:1      | Reached XP level 2. HP: 17/19 MP: 2/2
   630 | D:2      | Reached XP level 3. HP: 20/24 MP: 3/3
   631 | D:2      | Reached ** piety under Trog
   784 | D:2      | Identified the +5 ring mail of Vehumet, Cursing {*Corrode
                  | Int+3 Dex+3}
  1155 | D:2      | Reached skill level 4 in Fighting
  1155 | D:2      | Reached XP level 4. HP: 19/29 MP: 4/4
  1214 | D:2      | Reached skill level 1 in Stealth
  1222 | D:2      | Reached XP level 5. HP: 19/33 MP: 5/5
  1239 | D:2      | Frozen to death by an endoplasm

Illustrated notes

Levels and vault maps discovered:
D:1:      matt_arrival_grand_opening, layout_rooms,
          shapermc_ecumenical_altar_petra
D:2:      cheibrodos_fertilizer, layout_basic

Skill      XL: |  1  2  3  4 |
---------------+-------------+-----
Axes           | 3 |  3.9
Dodging        | 2 |  2.3
Fighting       | 4 |  4.1
Stealth        | 1 |  1.1
Armour         | |  2.3

Action                     |  1- 3 |  4- 6 || total
---------------------------+-------+-------++-------
  Melee: Hand axe          |    94 |    13 ||   107
 Invoke: Berserk           |     1 |     1 ||     2
         Trog's Hand       |       |     1 ||     1
    Use: Scroll            |     8 |       ||     8
   Stab: Sleeping          |     1 |       ||     1
 Armour: Animal skin       |    57 |       ||    57
         Ring mail         |    12 |     4 ||    16
  Dodge: Dodged            |    81 |     5 ||    86

Table legend: (Time is in decaauts)
 A = Elapsed time spent in this place.
 B = Non-inter-level travel time spent in this place.
 C = Inter-level travel time spent in this place.
 D = Time resting spent in this place.
 E = Time spent auto-exploring this place.
 F = Levels seen in this place.
 G = Mean time per level.
                   A        B        C        D        E       F      G
               +--------+--------+--------+--------+--------+-----+--------+
         Total |   1275 |   1274 |      1 |     44 |    783 |   2 |  637.5 |
       Dungeon |   1275 |   1274 |      1 |     44 |    783 |   2 |  637.5 |
               +--------+--------+--------+--------+--------+-----+--------+

Top non-repeatable levels by time:
     D:2: 661 daAuts
     D:1: 614 daAuts
